 Dungeon Crawl Stone Soup version 0.28.0 (webtiles) character file.

Game seed: 9507680657326664003

54 Prodoman the Magician (level 3, 0/26 HPs)
             Began as a Demonspawn Hedge Wizard on Feb 4, 2022.
             Succumbed to an adder's poison
             ... on level 3 of the Dungeon.
             The game lasted 00:06:23 (2652 turns).

Prodoman the Magician (Demonspawn Hedge Wizard)     Turns: 2652, Time: 00:06:24

Health: 0/26       AC:  4    Str: 10    XL:     3   Next: 66%
Magic:  1/8        EV: 12    Int: 17    God:
Gold:   45         SH:  0    Dex: 12    Spells: 4/9 levels left

rFire   . . .      SeeInvis .   e - +0 hand axe (freeze)
rCold   . . .      Faith    .   (no shield)
rNeg    + . .      Spirit   .   b - +0 robe
rPois   .          Reflect  .   c - +0 hat
rElec   .          Harm     .   (no cloak)
rCorr   .          Rampage  .   (no gloves)
Will    .....                   (no boots)
Stlth   ++........              (no amulet)
HPRegen 0.08/turn               l - ring of positive energy
MPRegen 0.11/turn               (no ring)

@: lethally poisoned (0 -> -2), attractive
A: slimy green scales 1
a: no special abilities


You were on level 3 of the Dungeon.
You visited 1 branch of the dungeon, and saw 3 of its levels.

You collected 45 gold pieces.

Inventory:

Hand Weapons
 a - a +0 dagger
 e - a +0 hand axe of freezing (weapon)
Armour
 b - a +0 robe (worn)
 c - a +0 hat (worn)
 k - a +0 leather armour
Jewellery
 l - a ring of positive energy (left hand)
Scrolls
 d - a scroll of teleportation {unknown}
 f - a scroll of fear {unknown}
 h - a scroll of immolation {unknown}
 i - a scroll of vulnerability {unknown}
 m - 2 scrolls of blinking
 n - a scroll of brand weapon {unknown}
Potions
 g - a potion of berserk rage


   Skills:
 + Level 1.2 Fighting
 + Level 2.2 Dodging
 - Level 1.7 Stealth
 * Level 3.6 Spellcasting
 + Level 1.7 Conjurations
 - Level 1.0 Summonings
 - Level 0.8 Translocations


You had 4 spell levels left.
You knew the following spells:

 Your Spells              Type           Power      Damage    Failure   Level
a - Magic Dart            Conj           36%        1d4       8%          1
b - Mephitic Cloud        Conj/Pois/Air  5%         N/A       36%         3
c - Slow                  Hex            12%        N/A       17%         1

Your spell library contained the following spells:

 Spells                   Type           Power      Damage    Failure   Level
 Call Imp                 Summ           6%         N/A       16%         2
 Blink                    Tloc           12%        N/A       17%         2
 Conjure Flame            Conj/Fire      6%         6-21      34%         3


Dungeon Overview and Level Annotations

Branches:
Dungeon (3/15)

Altars:


Innate Abilities, Weirdness & Mutations

You are partially covered in slimy green scales. (AC +2)


Message History

You closely miss the adder.
The adder is severely wounded.
The adder is no longer moving slowly.
The adder bites you.
You barely miss the adder.
The adder is severely wounded.
The adder bites you.
You are poisoned.
The adder poisons you! The adder bites you.
* * * LOW HITPOINT WARNING * * *
You barely miss the adder.
The adder is heavily wounded.
* * * LOW HITPOINT WARNING * * *
You feel very sick. The adder bites you but does no damage.
You miss the adder.
The adder is heavily wounded.
* * * LOW HITPOINT WARNING * * *
You feel sick. The adder barely misses you. The adder closely misses you.
Casting: Magic Dart (safe; 8% risk of failure)
Confirm with . or Enter, or press ? or * to list all spells.
Aiming: Magic Dart (safe; 8% risk of failure)
Press: ? - help, Shift-Dir - straight line, f - adder
Aim: an adder (heavily wounded, 100% to hit)
The magic dart hits the adder but does no damage.
The adder is heavily wounded.
* * * LOW HITPOINT WARNING * * *
You feel sick. The adder barely misses you.
It was a potion of attraction.
You feel attractive to monsters.
* * * LOW HITPOINT WARNING * * *
You feel sick. The adder barely misses you. The adder closely misses you.
Unknown command.
Casting: Magic Dart (safe; 8% risk of failure)
Confirm with . or Enter, or press ? or * to list all spells.
Aiming: Magic Dart (safe; 8% risk of failure)
Press: ? - help, Shift-Dir - straight line, f/p - adder
Aim: an adder (heavily wounded, 100% to hit)
The magic dart hits the adder.
The adder is severely wounded.
You die...

.#.P≈≈≈≈.# ....≈P≈...
...#.##. #....†#. #####
#..#..#<## #...## #.#..##.#
#'#..## #...(.†.# ##.##..#
. ##.S###.####...##.# w..
#.@..#..##.....####
.....#######)#..'†..⌠...'.#
#..........#..###...###†#
#..........###. #...#....
#...........# ..#...#....
#........#..# ..#)<.#....
#........+..# ###...##...
#........##... #####...#
#........# #### #####


You could see an adder.

Vanquished Creatures
  2 worms (D:3)
  A dart slug (D:2)
  An orc (D:3)
  2 ball pythons
  5 endoplasms
  3 giant cockroaches
  4 goblins
  4 hobgoblins
  3 jackals (D:2)
  2 quokkas (D:1)
  4 bats
  2 frilled lizards (D:1)
  4 kobolds
  A rat (D:1)
38 creatures vanquished.

Vanquished Creatures (others)
  12 plants
12 creatures vanquished.

Grand Total: 50 creatures vanquished

Notes
Turn   | Place    | Note
-------+----------+-------------------------------------------
     0 | D:1      | Prodoman the Demonspawn Hedge Wizard began the quest for
                  | the Orb.
     0 | D:1      | Reached XP level 1. HP: 13/13 MP: 4/4
   552 | D:1      | Gained mutation: You are partially covered in slimy green
                  | scales. (AC +2) [demonic ancestry]
   552 | D:1      | Reached XP level 2. HP: 20/20 MP: 0/6
   999 | D:1      | Found a faded altar of an unknown god.
  1642 | D:2      | Reached XP level 3. HP: 19/25 MP: 0/7
  1776 | D:2      | Reached skill level 1 in Fighting
  2456 | D:3      | Learned a level 3 spell: Mephitic Cloud
  2458 | D:3      | Learned a level 1 spell: Slow
  2650 | D:3      | HP: 1/26 [poisoned by an adder]
  2652 | D:3      | Succumbed to an adder's poison

Illustrated notes

Levels and vault maps discovered:
D:1:      psy_arrival_fountain, layout_rooms, dilly_ecumenical_altar_fadedgnrine
D:2:      layout_loops_cross
D:3:      layout_basic, ebering_ghost_sewer_d, grunt_ministairs_14,
          serial_bayou_pond_c, grunt_decor_cap, serial_bayou_pond_e

Skill      XL: |  1  2  3 |
---------------+----------+-----
Dodging        | 2 |  2.2
Fighting       | 1 |  1.2
Stealth        | |  1.7
Spellcasting   | |  3.6
Conjurations   | |  1.7
Summonings     | |  1.0
Translocations | |  0.8

Action                   || total
-------------------------++-------
Melee: Dagger            ||     8
       Hand axe          ||    57
 Cast: Magic Dart        ||    87
  Use: Scroll            ||     2
       Potion            ||     1
 Stab: Sleeping          ||     1
Armor: Robe              ||    25
Dodge: Dodged            ||    63
